 Dungeon Crawl Stone Soup version 0.27-a0-1105-g946c659c87 (webtiles) character file.

Game seed: 18257681140510226519

29 DogServant the Firebug (level 3, -1/25 HPs)
             Began as a Gnoll Fire Elementalist on Apr 29, 2021.
             Slain by Terence
             ... wielding a +0 hand axe
              (6 damage)
             ... on level 1 of the Dungeon.
             The game lasted 00:02:08 (661 turns).

DogServant the Firebug (Gnoll Fire Elementalist)     Turns: 661, Time: 00:02:09

Health: -1/25      AC:  2    Str:  7    XL:     3   Next: 16%
Magic:  2/9        EV: 13    Int: 15    God:
Gold:   38         SH:  0    Dex: 12    Spells: 11/12 levels left

rFire    . . .     SeeInvis .   g - +0 whip
rCold    . . .     Faith    .   (no shield)
rNeg     . . .     Spirit   .   a - +0 robe
rPois    .         Reflect  .   (no helmet)
rElec    .         Harm     .   (no cloak)
rCorr    .         Rampage  .   (no gloves)
Will     .....                  (no boots)
Stlth    ++........             (no amulet)
HPRegen  0.08/turn              e - ring of flight
MPRegen  0.11/turn              (no ring)

@: brilliant, flying
A: fangs 1, strong nose, distributed training
a: no special abilities


You were on level 1 of the Dungeon.
You visited 1 branch of the dungeon, and saw 2 of its levels.

You collected 38 gold pieces.

Inventory:

Hand Weapons
 g - a +0 whip (weapon)
Missiles
 i - 18 poisoned darts
Armour
 a - a +0 robe (worn)
Jewellery
 e - a ring of flight (left hand)
 h - a ring of wizardry
Scrolls
 d - a scroll of identify
 f - a scroll of silence
 j - a scroll of vulnerability {unknown}
Potions
 c - a potion of heal wounds {unknown}


   Skills:
 + Level 0.6 Fighting
 + Level 0.6 Short Blades
 + Level 0.6 Long Blades
 + Level 0.6 Axes
 + Level 0.6 Maces & Flails
 + Level 0.6 Polearms
 + Level 0.6 Staves
 + Level 0.6 Slings
 + Level 0.6 Bows
 + Level 0.6 Crossbows
 + Level 0.6 Throwing
 + Level 0.6 Armour
 + Level 4.5 Dodging
 + Level 4.1 Stealth
 + Level 0.6 Shields
 + Level 0.6 Unarmed Combat
 + Level 5.0 Spellcasting
 + Level 2.1 Conjurations
 + Level 0.4 Hexes
 + Level 0.4 Summonings
 + Level 0.4 Necromancy
 + Level 0.4 Translocations
 + Level 0.4 Transmutations
 + Level 5.4 Fire Magic
 + Level 0.4 Ice Magic
 + Level 0.4 Air Magic
 + Level 0.4 Earth Magic
 + Level 0.4 Poison Magic
 + Level 0.8 Invocations
 + Level 0.6 Evocations


You had 11 spell levels left.
You knew the following spells:

 Your Spells              Type           Power      Damage    Failure   Level
a - Foxfire               Conj/Fire      88%        2x1d8     3%          1

Your spell library contained the following spells:

 Spells                   Type           Power      Damage    Failure   Level
 Conjure Flame            Conj/Fire      22%        6-21      11%         3
 Inner Flame              Hex/Fire       18%        N/A       14%         3
 Sticky Flame             Conj/Fire      22%        2d4       34%         4
 Fireball                 Conj/Fire      11%        3d7       67%         5


Dungeon Overview and Level Annotations

Branches:
Dungeon (2/15)

Altars:

Shops:
D:1 =

Annotations:
D:1 Terence


Innate Abilities, Weirdness & Mutations

You have very sharp teeth.
Your uncanny sense of smell can sniff out nearby items.
Your experience applies equally to all skills.


Message History

Terence is lightly wounded.
The foxfire hits Terence.
Terence is lightly wounded.
Casting: Foxfire (safe; 3% risk of failure)
Confirm with . or Enter, or press ? or * to list all spells.
You conjure some foxfire!
Terence asks, "Do you want it fast or slow?"
Terence closely misses you.
Terence hits your foxfire with a +0 hand axe. x2
The foxfire hits Terence but does no damage.
Terence is lightly wounded.
The foxfire hits Terence but does no damage.
Terence is lightly wounded.
Terence misses you.
Casting: Foxfire (safe; 3% risk of failure)
Confirm with . or Enter, or press ? or * to list all spells.
You conjure some foxfire!
Terence hits you with a +0 hand axe.
Terence hits your foxfire with a +0 hand axe.
The foxfire hits Terence.
Terence is moderately wounded.
The foxfire hits Terence.
Terence is heavily wounded.
Terence misses you.
You hit Terence but do no damage.
Terence is heavily wounded.
Terence hits you with a +0 hand axe. x2
There is a stone staircase leading up here.
Terence hits you with a +0 hand axe!
* * * LOW HITPOINT WARNING * * *
You fly upwards.
There is a stone staircase leading down here.
As you read the scroll labelled YPUIWI ORRUU, it crumbles to dust.
It is a scroll of identify.
f - a scroll of silence Terence barely misses you.
Okay, then.
It was a potion of brilliance.
You feel clever all of a sudden. Terence hits you with a +0 hand axe.
You die...

#......####.#...#####...
#.......................
#.......##..#....####...
#.......##.##.#..# #...
#.......#..#..#..# #...
#............#...# #...
#^.....##....#.#.####...
####...(..##...#........
#...@@..........###..
#.....##.#..##.## #.#
####..##.#..##.####.#
#...##.#...#...##.#
##.#.##.#.#...#..#..
#..#.##............. ######
#.##.##.............
#....###.##.##.............
#....#...##.##...รท.........


You could see Terence.

Vanquished Creatures
  An adder (D:2)
  3 ball pythons (D:1)
  2 endoplasms (D:1)
  3 jackals (D:2)
  2 kobolds (D:1)
  2 quokkas (D:1)
  A frilled lizard (D:1)
  4 rats
18 creatures vanquished.

Vanquished Creatures (others)
  51 foxfires
51 creatures vanquished.

Grand Total: 69 creatures vanquished

Notes
Turn   | Place    | Note
-------+----------+-------------------------------------------
     0 | D:1      | DogServant the Gnoll Fire Elementalist began the quest for
                  | the Orb.
     0 | D:1      | Reached XP level 1. HP: 13/13 MP: 6/6
   235 | D:1      | Reached XP level 2. HP: 19/19 MP: 4/7
   374 | D:1      | Found Faufukh's Jewellery Shoppe.
   640 | D:2      | Noticed Terence
   641 | D:2      | Reached skill level 5 in Spellcasting
   641 | D:2      | Reached XP level 3. HP: 25/25 MP: 4/9
   661 | D:1      | Slain by Terence

Illustrated notes

Levels and vault maps discovered:
D:1:      dpeg_arrival_tiny_i, layout_rooms, serial_shops, shop
D:2:      layout_rooms, serial_shops, shop, uniq_terence

Skill      XL: |  1  2 |
---------------+-------+-----
Conjurations   | 2 |  2.1
Spellcasting   | 5 |  5.0
Fighting       | |  0.6
Short Blades   | |  0.6
Long Blades    | |  0.6
Axes           | |  0.6
Maces & Flails | |  0.6
Polearms       | |  0.6
Staves         | |  0.6
Slings         | |  0.6
Bows           | |  0.6
Crossbows      | |  0.6
Throwing       | |  0.6
Armour         | |  0.6
Dodging        | |  4.5
Stealth        | |  4.1
Shields        | |  0.6
Unarmed Combat | |  0.6
Hexes          | |  0.4
Summonings     | |  0.4
Necromancy     | |  0.4
Translocations | |  0.4
Transmutations | |  0.4
Fire Magic     | |  5.4
Ice Magic      | |  0.4
Air Magic      | |  0.4
Earth Magic    | |  0.4
Poison Magic   | |  0.4
Invocations    | |  0.8
Evocations     | |  0.6

Action                   || total
-------------------------++-------
Melee: Whip              ||     1
 Cast: Foxfire           ||    29
  Use: Scroll            ||     1
       Potion            ||     1
Dodge: Dodged            ||     9

Table legend: (Time is in decaauts)
 A = Elapsed time spent in this place.
 B = Non-inter-level travel time spent in this place.
 C = Inter-level travel time spent in this place.
 D = Time resting spent in this place.
 E = Time spent auto-exploring this place.
 F = Levels seen in this place.
 G = Mean time per level.
                   A        B        C        D        E       F      G
               +--------+--------+--------+--------+--------+-----+--------+
         Total |    660 |    655 |      5 |      0 |    543 |   2 |  330.0 |
       Dungeon |    660 |    655 |      5 |      0 |    543 |   2 |  330.0 |
               +--------+--------+--------+--------+--------+-----+--------+

Top non-repeatable levels by time:
     D:1: 576 daAuts
     D:2: 83 daAuts
